 Dungeon Crawl Stone Soup version 0.28-a0-245-g639a1a48b9 (webtiles) character file.

Game seed: 15792286575154442503

46 Colgate the Ruffian (level 3, 0/31 HPs)
             Began as a Ghoul Fighter on Aug 25, 2021.
             Slain by a gnoll (6 damage)
             ... on level 2 of the Dungeon.
             The game lasted 00:04:31 (1231 turns).

Colgate the Ruffian (Ghoul Fighter)                 Turns: 1231, Time: 00:04:32

Health: 0/31       AC:  7    Str: 20    XL:     3   Next: 68%
Magic:  2/2        EV:  7    Int:  9    God:
Gold:   44         SH:  7    Dex:  8    Spells: 2/2 levels left

rFire   . . .      SeeInvis .     - Unarmed
rCold   + . .      Faith    .   b - +0 kite shield
rNeg    + + +      Spirit   .   a - +0 scale mail
rPois   ∞          Reflect  .   g - +0 helmet
rElec   .          Harm     .   (no cloak)
rCorr   .          Rampage  .   (no gloves)
Will    .....                   (no boots)
Stlth   ..........              (no amulet)
HPRegen 0.00/turn               e - +6 ring of intelligence
MPRegen 0.08/turn               (no ring)

@: inhibited regen
A: claws 1, cold resistance 1, negative energy resistance 3, inhibited
regeneration, torment resistance 2
a: no special abilities


You were on level 2 of the Dungeon.
You visited 1 branch of the dungeon, and saw 2 of its levels.

You collected 44 gold pieces.


Innate Abilities, Weirdness & Mutations

You thrive by killing the living.
You are immune to poison.
You have sharp fingernails.
Your flesh is cold resistant. (rC+)
You are immune to negative energy. (rN+++)
You do not regenerate when monsters are visible.
You are immune to unholy pain and torment.


   Skills:
 - Level 3.2 Fighting
 - Level 2.6 Armour
 - Level 2.6 Shields
 + Level 4.3 Unarmed Combat


You had 2 spell levels left.
You didn't know any spells.
Your spell library was empty.

Inventory:

Armour
 a - a +0 scale mail (worn)
 b - a +0 kite shield (worn)
 g - a +0 helmet (worn)
Jewellery
 e - a +6 ring of intelligence (left claw)
Scrolls
 h - a scroll of magic mapping {unknown}
Potions
 c - a potion of might
 d - a potion of flight {unknown}
 f - a potion of invisibility {unknown}

Dungeon Overview and Level Annotations

Branches:
Dungeon (2/15)

Altars:


Message History

There are monsters nearby!
(D) Dungeon
Where to? (* - list waypoints, Enter - D:3, ? - help)
There are monsters nearby!
1212 ||| Stepping randomly (stuck).
h - a scroll labelled ALOANY MIRIUR You completely miss the gnoll.
The gnoll completely misses you. You block the gnoll's attack.
Your shield and scale mail prevent you from hitting the gnoll.
You block the gnoll's attack. The gnoll hits you with a +0 flail!
1219 ||| Stepping ~*~*~tactically~*~*~ (outnumbered).
You barely miss the gnoll.
1221 ||| Stepping ~*~*~tactically~*~*~ (outnumbered).
You scratch the gnoll.
The gnoll is heavily wounded.
The gnoll hits you with a +0 whip.
1223 ||| Stepping ~*~*~tactically~*~*~ (outnumbered).
1224 ||| Stepping ~*~*~tactically~*~*~ (outnumbered).
You scratch the gnoll.
The gnoll is severely wounded.
The gnoll hits you with a +0 whip.
You scratch the gnoll.
The gnoll is severely wounded.
You block the gnoll's attack. The gnoll hits you but does no damage.
You scratch the gnoll.
You kill the gnoll!
You feel better.
Your Unarmed Combat skill increases to level 4!
You scratch the gnoll but do no damage. The gnoll hits you with a +0 flail!
You block the gnoll's attack.
You claw the gnoll!
The gnoll is severely wounded.
A gnoll comes into view. It is wielding a +0 spear.
The gnoll hits you with a +0 flail.
You claw the gnoll!
You kill the gnoll!
You feel better.
You closely miss the gnoll. The gnoll hits you with a +0 flail.
You die...

......# #.#.#.# #
#.....# ..
####.#.#.######## ...
+........##......
....#####........+......
......g.......##......
.g#########.....##......
..(....@g.......##......
....#####..####.#.......
. ##.# #...#.#... ###
###....... ...#.#...
###.....+# .....#.#
###.###.. #.. ..


You could see 2 gnolls.

Vanquished Creatures
  2 gnolls (D:2)
  2 dart slugs
  2 bats (D:2)
  An endoplasm (D:1)
  2 goblins (D:1)
  2 hobgoblins (D:1)
  4 quokkas (D:1)
  3 ball pythons
  2 frilled lizards
  5 rats
25 creatures vanquished.

Notes
Turn   | Place    | Note
-------+----------+-------------------------------------------
     0 | D:1      | Colgate the Ghoul Fighter began the quest for the Orb.
     0 | D:1      | Reached XP level 1. HP: 19/19 MP: 0/0
     0 | D:1      | 0 ||| counter = 98
   475 | D:1      | Reached skill level 3 in Unarmed Combat
   475 | D:1      | Reached XP level 2. HP: 24/26 MP: 1/1
   831 | D:1      | 831 ||| UPGRADING to +6 ring of intelligence.
   832 | D:1      | 832 ||| READING scroll labelled JUIJ LOEWUA.
   833 | D:1      | 833 ||| READING scroll labelled CUIQA EZECILOO.
   862 | D:2      | 862 ||| STAIRDANCE
  1023 | D:2      | Reached XP level 3. HP: 23/31 MP: 2/2
  1023 | D:2      | 1023 ||| STAIRDANCE
  1120 | D:2      | 1120 ||| Stepping randomly (stuck).
  1122 | D:2      | 1122 ||| Stepping randomly (stuck).
  1124 | D:2      | 1124 ||| Stepping randomly (stuck).
  1125 | D:2      | 1125 ||| Stepping randomly (stuck).
  1126 | D:2      | 1126 ||| Stepping randomly (stuck).
  1127 | D:2      | 1127 ||| Stepping randomly (stuck).
  1128 | D:2      | 1128 ||| Stepping randomly (stuck).
  1129 | D:2      | 1129 ||| Stepping randomly (stuck).
  1130 | D:2      | 1130 ||| Stepping randomly (stuck).
  1131 | D:2      | 1131 ||| Stepping randomly (stuck).
  1132 | D:2      | 1132 ||| Stepping randomly (stuck).
  1133 | D:2      | 1133 ||| Stepping randomly (stuck).
  1134 | D:2      | 1134 ||| Stepping randomly (stuck).
  1135 | D:2      | 1135 ||| Stepping randomly (stuck).
  1136 | D:2      | 1136 ||| Stepping randomly (stuck).
  1137 | D:2      | 1137 ||| Stepping randomly (stuck).
  1138 | D:2      | 1138 ||| Stepping randomly (stuck).
  1139 | D:2      | 1139 ||| Stepping randomly (stuck).
  1140 | D:2      | 1140 ||| Stepping randomly (stuck).
  1141 | D:2      | 1141 ||| Stepping randomly (stuck).
  1142 | D:2      | 1142 ||| Stepping randomly (stuck).
  1143 | D:2      | 1143 ||| Stepping randomly (stuck).
  1144 | D:2      | 1144 ||| Stepping randomly (stuck).
  1145 | D:2      | 1145 ||| Stepping randomly (stuck).
  1146 | D:2      | 1146 ||| Stepping randomly (stuck).
  1147 | D:2      | 1147 ||| Stepping randomly (stuck).
  1148 | D:2      | 1148 ||| Stepping randomly (stuck).
  1149 | D:2      | 1149 ||| Stepping randomly (stuck).
  1150 | D:2      | 1150 ||| Stepping randomly (stuck).
  1151 | D:2      | 1151 ||| Stepping randomly (stuck).
  1152 | D:2      | 1152 ||| Stepping randomly (stuck).
  1153 | D:2      | 1153 ||| Stepping randomly (stuck).
  1154 | D:2      | 1154 ||| Stepping randomly (stuck).
  1155 | D:2      | 1155 ||| Stepping randomly (stuck).
  1156 | D:2      | 1156 ||| Stepping randomly (stuck).
  1157 | D:2      | 1157 ||| Stepping randomly (stuck).
  1158 | D:2      | 1158 ||| Stepping randomly (stuck).
  1159 | D:2      | 1159 ||| Stepping randomly (stuck).
  1160 | D:2      | 1160 ||| Stepping randomly (stuck).
  1161 | D:2      | 1161 ||| Stepping randomly (stuck).
  1162 | D:2      | 1162 ||| Stepping randomly (stuck).
  1163 | D:2      | 1163 ||| Stepping randomly (stuck).
  1190 | D:2      | 1190 ||| UPGRADING to +0 helmet.
  1211 | D:2      | 1211 ||| Stepping randomly (stuck).
  1212 | D:2      | 1212 ||| Stepping randomly (stuck).
  1219 | D:2      | 1219 ||| Stepping ~*~*~tactically~*~*~ (outnumbered).
  1221 | D:2      | 1221 ||| Stepping ~*~*~tactically~*~*~ (outnumbered).
  1223 | D:2      | 1223 ||| Stepping ~*~*~tactically~*~*~ (outnumbered).
  1224 | D:2      | 1224 ||| Stepping ~*~*~tactically~*~*~ (outnumbered).
  1228 | D:2      | Reached skill level 4 in Unarmed Combat
  1229 | D:2      | HP: 4/31 [gnoll (6)]
  1231 | D:2      | Slain by a gnoll

Levels and vault maps discovered:
D:1:      evilmike_arrival_rings, layout_basic, serial_corexii_hall,
          chequers_hall_statues_corner_a, chequers_hall_statues_corner_a
D:2:      layout_basic, serial_co_window_serial, co_window_cross_1,
          co_window_paths_a, co_window_of_opportunity_a,
          co_window_of_opportunity_a, co_window_of_opportunity_a,
          co_window_of_opportunity_c, co_window_of_opportunity_b,
          co_window_2corner, co_window_of_opportunity_c, co_window_paths_d,
          co_window_4corner_b, glass_columns_b, glass_columns_a,
          glass_columns_a, glass_columns_a, glass_columns_b

Skill      XL: |  1  2  3 |
---------------+----------+-----
Unarmed Combat | 3 4 |  4.3
Fighting       | |  3.2
Armour         | |  2.6
Shields        | |  2.6

Action                   || total
-------------------------++-------
Melee: Unarmed           ||    88
  Use: Scroll            ||     2
Armor: Scale mail        ||    31
Dodge: Dodged            ||    22
Block: Kite shield       ||    25

Table legend:
 A = Non-vault XP
 B = Vault XP
 C = Vault XP percentage of total XP
 D = Non-vault monster count
 E = Vault monster count
 F = Vault count percentage of total count
                 A         B        C        D         E       F
            +---------+---------+-------+---------+---------+-------
      Total |      67 |       0 |   0.0 |      25 |       0 |   0.0
            +---------+---------+-------+---------+---------+-------
        D:1 |      28 |       0 |   0.0 |      16 |       0 |   0.0
        D:2 |      39 |       0 |   0.0 |       9 |       0 |   0.0
            +---------+---------+-------+---------+---------+-------
